 Dungeon Crawl Stone Soup version 0.17.0-28-g6e173f8 (webtiles) character file.

198 septik the Cudgeler (level 5, -1/32 HPs)
             Began as a Gargoyle Fighter on Nov 26, 2015.
             Killed by divine providence
             ... invoked by an orc priest
              (9 damage)
             ... on level 4 of the Dungeon.
             The game lasted 00:04:30 (2474 turns).

septik the Cudgeler (Gargoyle Fighter)              Turns: 2474, Time: 00:04:31

Health: -1/32      AC: 13    Str: 20    XL:     5   Next: 76%
Magic:  5/5        EV:  5    Int:  8    God:
Gold:   150        SH:  9    Dex: 10    Spells: 0 memorised, 4 levels left

rFire  . . .     SeeInvis .     a - +0 flail
rCold  . . .     Clarity  .     s - +0 chain mail
rNeg   + . .     SustAt   .     c - +0 shield
rPois  ∞         Gourm    .     (no helmet)
rElec  +         Spirit   .     (no cloak)
rCorr  .         Warding  .     (no gloves)
rMut   .         Stasis   .     (no boots)
MR     .....                    (no amulet)
Stlth  ..........               (no ring)
                                (no ring)

@: not resistant to hostile enchantments, extremely unstealthy
A: negative energy resistance 1, electricity resistance, unbreathing,
petrification resistance, rot immunity, AC +4
a: no special abilities


You were on level 4 of the Dungeon.
You were very hungry.

You visited 2 branches of the dungeon, and saw 5 of its levels.

You collected 150 gold pieces.

Inventory:

Hand Weapons
 a - a +0 flail (weapon)
 u - a +0 whip of venom
Missiles
 g - 95 stones (quivered)
Armour
 b - a +0 scale mail
 c - a +0 shield (worn)
 s - a +0 chain mail (worn)
Jewellery
 q - an uncursed amulet of the gourmand {unknown}
 r - a cursed amulet of inaccuracy {unknown}
 v - an uncursed amulet of stasis {unknown}
Wands
 l - a wand of frost (23)
Scrolls
 j - 2 scrolls of noise {unknown}
 n - a scroll of enchant armour {unknown}
 o - 2 scrolls of identify {unknown}
Potions
 d - a potion of might
 f - 2 potions of heal wounds {unknown}
 h - a potion of brilliance {unknown}
 p - 2 potions of lignification {unknown}
 t - a potion of flight {unknown}
Comestibles
 e - 2 bread rations
 i - 7 fruits
 k - a slice of pizza
 m - a meat ration


   Skills:
 - Level 3.3 Fighting
 + Level 5.5 Maces & Flails
 - Level 3.4 Armour
 - Level 0.7 Dodging
 - Level 3.2 Shields


You had 4 spell levels left.
You didn't know any spells.

Dungeon Overview and Level Annotations

Branches:
Dungeon (4/15)             Temple (1/1) D:4

Altars:
Cheibriados
Dithmenos
Elyvilon
Gozag
Kikubaaqudgha
Makhleb
Nemelex Xobeh
Sif Muna
Vehumet
Xom
Zin
The Shining One

Annotations:
D:3 lucasterio's ghost, amateur GrEE


Innate Abilities, Weirdness & Mutations

You are resistant to torment.
Your stone body is resilient (AC +4).
You are immune to poison.
You resist negative energy.
You are resistant to electric shocks.
You can survive without breathing.
You are immune to petrification.
You are immune to rotting.


Message History

You are too injured to fight recklessly!
You are too injured to fight recklessly!
You are too injured to fight recklessly!
You are too injured to fight recklessly!
You are too injured to fight recklessly!
You are too injured to fight recklessly!
You are too injured to fight recklessly!
You are too injured to fight recklessly!
You are too injured to fight recklessly!
You are too injured to fight recklessly!
Unknown command.
The orc wizard points at you and mumbles some strange words.
The magic dart hits you!
The orc wizard points at you and mumbles some strange words.
The magic dart hits you!
* * * LOW HITPOINT WARNING * * *
The orc wizard hits you but does no damage.
The orc priest invokes the aid of Beogh against you.
Something smites you!
You die...

#.# #.#....#
#.# .#....#
#.# ......#
#.####.## ..
.........# ##.
##.####..# ..
#..# .#
#..####.##.##.
#...@ooo).....
##.####.##.##.
#.# .# #.# ..
... ... ..#
#### ...# ##.


You could see an orc priest, an orc wizard and an orc.

Vanquished Creatures
  Jessica (D:2)
  8 gnolls
  5 adders
  A worm (D:1)
  5 goblins
  4 hobgoblins
  3 quokkas (D:2)
  6 bats
  3 giant cockroaches (D:2)
  6 giant newts
  5 kobolds
  7 rats
54 creatures vanquished.

Notes
Turn   | Place    | Note
--------------------------------------------------------------
     0 | D:1      | septik the Gargoyle Fighter began the quest for the Orb.
     0 | D:1      | Reached XP level 1. HP: 14/14 MP: 1/1
   192 | D:1      | Reached XP level 2. HP: 19/19 MP: 2/2
   611 | D:2      | Reached XP level 3. HP: 23/23 MP: 3/3
   738 | D:2      | Reached skill level 4 in Maces & Flails
   738 | D:2      | Reached XP level 4. HP: 19/28 MP: 4/4
   949 | D:2      | Noticed Jessica
   953 | D:2      | Killed Jessica
   953 | D:2      | Reached XP level 5. HP: 32/32 MP: 5/5
  1212 | D:2      | Reached skill level 5 in Maces & Flails
  1555 | D:3      | Noticed lucasterio's ghost (amateur GrEE)
  2121 | D:4      | Found a staircase to the Ecumenical Temple.
  2133 | Temple   | Entered the Ecumenical Temple
  2474 | D:4      | Killed from afar by an orc priest

Action                   |  1- 3 |  4- 6 || total
-------------------------+-------+-------++-------
Melee: Flail             |   120 |   107 ||   227
       Whip              |       |    16 ||    16
  Eat: Chunk             |       |     4 ||     4
